 Dungeon Crawl Stone Soup version 0.29-a0-459-g97dee8cd24 (webtiles) character file.

Game seed: 4016599391773719079

603 garrulousMonolith the Skirmisher (level 7, -2/66 HPs)
             Began as a Gargoyle Fighter on May 20, 2022.
             Was a Follower of Okawaru.
             Killed by divine providence
             ... invoked by an orc priest
              (9 damage)
             ... on level 5 of the Dungeon.
             The game lasted 00:05:23 (5123 turns).

garrulousMonolith the Skirmisher (Gargoyle Fighter) Turns: 5123, Time: 00:05:23

Health: -2/66      AC: 11    Str: 19    XL:     7   Next: 42%
Magic:  8/8        EV:  7    Int: 11    God:    Okawaru [*.....]
Gold:   204        SH:  9    Dex:  9    Spells: 6/6 levels left

rFire   . . .      SeeInvis .   a - +0 flail
rCold   . . .      Faith    .   c - +0 buckler
rNeg    + . .      Spirit   .   i - +0 chain mail
rPois   ∞          Reflect  +   n - +0 helmet
rElec   +          Harm     .   (no cloak)
rCorr   .          Rampage  .   (no gloves)
Will    .....                   (no boots)
Stlth   ..........              h - amulet of reflection
HPRegen 0.21/turn               (no ring)
MPRegen 0.11/turn               (no ring)

@: berserking (expiring), corroded, very quick
A: sickness immunity, AC +4, negative energy resistance 1, electricity
resistance, torment resistance 1, petrification resistance
a: Renounce Religion, Heroism


You were on level 5 of the Dungeon.
You worshipped Okawaru.
Okawaru was aware of your devotion.
You visited 2 branches of the dungeon, and saw 6 of its levels.

You collected 204 gold pieces.

Inventory:

Hand Weapons
 a - a +0 flail (weapon)
 d - a +3 dagger of venom
Missiles
 s - 6 poisoned darts (quivered)
Armour
 c - a +0 buckler (worn)
 i - a +0 chain mail (worn)
 n - a +0 helmet (worn)
Jewellery
 h - an amulet of reflection (around neck)
Scrolls
 e - 2 scrolls of fear
 f - 2 scrolls of teleportation {unknown}
 g - a scroll of blinking {unknown}
 j - a scroll of amnesia
 k - a scroll of brand weapon {unknown}
 o - 2 scrolls of immolation {unknown}
 p - a scroll of enchant weapon {unknown}
 w - 2 scrolls of poison {unknown}
Potions
 b - a potion of flight
 q - a potion of magic
 r - a potion of resistance {unknown}
 t - a potion of attraction {unknown}
 u - 2 potions of lignification


   Skills:
 + Level 4.7 Fighting
 * Level 4.7 Maces & Flails
 + Level 4.5 Armour
 + Level 2.2 Dodging
 + Level 4.5 Shields
 + Level 2.0 Invocations


You had 6 spell levels left.
You didn't know any spells.
Your spell library contained the following spells:

 Spells                   Type           Power      Damage    Failure   Level
 Sandblast                Erth           0%         2d4       99%         1
 Passwall                 Tmut/Erth      0%         N/A       100%        2
 Gell's Gravitas          Tloc           0%         N/A       100%        3
 Stone Arrow              Conj/Erth      0%         3d7       100%        3
 Teleport Other           Tloc           0%         N/A       100%        3
 Dispersal                Tloc           0%         N/A       100%        6


Dungeon Overview and Level Annotations

Branches:
Dungeon (5/15)             Temple (1/1) D:4

Altars:
Ashenzari
Cheibriados
Dithmenos
Elyvilon
Fedhas
Gozag
Hepliaklqana
Kikubaaqudgha
Nemelex Xobeh
Okawaru
Qazlal
Sif Muna
Wu Jian
Xom
Zin


Innate Abilities, Weirdness & Mutations

You are immune to sickness and miasma.
Your stone body is resilient. (AC +4)
You are immune to poison.
You resist negative energy. (rN+)
You are resistant to electric shocks. (rElec)
You are resistant to unholy torment.
You are immune to petrification.


Message History

You are too injured to fight recklessly!
You are too injured to fight recklessly!
You are too injured to fight recklessly!
You are too injured to fight recklessly!
You are too injured to fight recklessly!
You are too injured to fight recklessly!
You are too injured to fight recklessly!
You are too injured to fight recklessly!
You are too injured to fight recklessly!
You are too injured to fight recklessly!
You are too injured to fight recklessly!
You are too injured to fight recklessly!
Okay, then.
You aren't carrying any items that you can evoke.
Okay, then.
Okay, then.
Found 9 stones.
The acid dragon spits acid at you. The splash of acid hits you!
* * * LOW HITPOINT WARNING * * *
A red film seems to cover your vision as you go berserk!
You feel yourself moving faster!
You feel mighty!
Found 21 stones and a smoky dark potion.
You feel a strong urge to attack something.
The acid dragon spits acid at you. The splash of acid misses you.
An orc priest comes into view. It is wielding a +0 short sword.
The orc priest shouts!
An orc comes into view. It is wielding a +0 mace.
You feel your anger nearly subside.
The orc shouts!
You hear a shout!
An orc comes into view. It is wielding a +0 mace.
You block the acid dragon's attack.
The acid dragon claws you but does no damage.
You thump the acid dragon!
The acid dragon is moderately wounded.
The orc throws a boomerang.
The boomerang closely misses you.
The orc priest calls down the wrath of Beogh upon you.
Beogh smites you!
You die...

## #... . #..
#.##### .#
#...#)..#.###.###
####
#....))<).......#
.....
#...#####...##...
...## .....
##)##### ......
....
...#......##......
....
..........#....(...
.##
..##.......@.......
.
......##..#D...oo.
......##...##..(...
...... #!... .....o
..###........ ....#
.. ###...........#
#####.....###
.....#


You could see an acid dragon, an orc priest and 2 orcs.

Vanquished Creatures
  A water moccasin (D:5)
  An ice beast (D:5)
  A hound (D:3)
  2 orc priests (D:3)
  2 iguanas
  3 orc wizards (D:5)
  Robin (D:3)
  5 adders
  An ufetubus (D:5)
  A worm (D:2)
  A dart slug (D:3)
  11 orcs
  16 bats
  10 endoplasms
  6 giant cockroaches
  20 goblins
  8 hobgoblins
  4 jackals (D:1)
  9 kobolds
  5 quokkas
  8 ball pythons
  3 frilled lizards
  2 rats
121 creatures vanquished.

Notes
Turn   | Place    | Note
-------+----------+-------------------------------------------
     0 | D:1      | garrulousMonolith the Gargoyle Fighter began the quest for
                  | the Orb.
     0 | D:1      | Reached XP level 1. HP: 14/14 MP: 1/1
   207 | D:1      | Reached XP level 2. HP: 19/19 MP: 2/2
   911 | D:1      | Reached XP level 3. HP: 23/23 MP: 3/3
  1094 | D:1      | Found a faded altar of an unknown god.
  1230 | D:2      | Reached XP level 4. HP: 17/29 MP: 4/4
  1442 | D:2      | Reached skill level 1 in Dodging
  2533 | D:3      | Reached XP level 5. HP: 33/33 MP: 5/5
  2563 | D:3      | Noticed Robin
  2572 | D:3      | Killed Robin
  2738 | D:3      | Found an iron altar of Okawaru.
  2748 | D:3      | Became a worshipper of Warmaster Okawaru
  2973 | D:3      | Reached XP level 6. HP: 18/38 MP: 6/6
  2997 | D:3      | HP: 1/38 [quokka (3)]
  3998 | D:4      | Found a staircase to the Ecumenical Temple.
  4025 | Temple   | Entered the Ecumenical Temple
  4181 | D:4      | Reached skill level 1 in Invocations
  4449 | D:4      | Found a shadowy altar of Dithmenos.
  5030 | D:5      | Entered Level 5 of the Dungeon
  5042 | D:5      | Noticed an ice beast
  5048 | D:5      | Killed an ice beast
  5063 | D:5      | Reached XP level 7. HP: 32/44 MP: 8/8
  5105 | D:5      | Reached * piety under Okawaru
  5123 | D:5      | Killed from afar by an orc priest

Illustrated notes

Levels and vault maps discovered:
D:1:      dpeg_arrival_radiant, layout_loops_cross,
          dilly_ecumenical_altar_fadedgnrine, minmay_worlds_worst_comb
D:2:      layout_loops_corners
D:3:      kennysheep_the_goblin_king, layout_loops_corners,
          okawaru_ov_weapons_minmay, minmay_fractal_squares_5, uniq_robin
D:4:      layout_loops_corners, grunt_dithmenos_smoke,
          minmay_temple_entry_crystal_x
D:5:      layout_cave_pools, serial_park_tiny_2
Temple:   cyrus_circular_temple

Skill      XL: |  1  2  3  4  5  6  7 |
---------------+----------------------+-----
Dodging        | 1 2 |  2.2
Maces & Flails | 3 4 |  4.7
Fighting       | 4 |  4.7
Shields        | 4 |  4.5
Armour         | 4 |  4.5
Invocations    | 1 2 |  2.0

Action                   |  1- 3 |  4- 6 |  7- 9 || total
-------------------------+-------+-------+-------++-------
Melee: Flail             |   124 |   317 |    22 ||   463
  Use: Scroll            |       |     5 |       ||     5
       Potion            |       |     3 |     1 ||     4
Armor: Scale mail        |    59 |       |       ||    59
       Chain mail        |    23 |   254 |    17 ||   294
Dodge: Dodged            |    60 |   170 |     5 ||   235
Block: Buckler           |    60 |   244 |    13 ||   317
       Reflection        |       |     1 |       ||     1

Table legend: (Time is in decaauts)
 A = Elapsed time spent in this place.
 B = Non-inter-level travel time spent in this place.
 C = Inter-level travel time spent in this place.
 D = Time resting spent in this place.
 E = Time spent auto-exploring this place.
 F = Levels seen in this place.
 G = Mean time per level.
                   A        B        C        D        E       F      G
               +--------+--------+--------+--------+--------+-----+--------+
         Total |   5256 |   5079 |    177 |    608 |   3452 |   6 |  876.0 |
       Dungeon |   5161 |   4995 |    166 |    608 |   3375 |   5 | 1032.2 |
        Temple |     94 |     83 |     11 |      0 |     77 |   1 |   94.0 |
               +--------+--------+--------+--------+--------+-----+--------+

Top non-repeatable levels by time:
     D:3: 1647 daAuts
     D:2: 1222 daAuts
     D:1: 1214 daAuts
     D:4: 976 daAuts
     D:5: 101 daAuts
  Temple: 94 daAuts
